Cogmind - Beta 13 @@@ ROGUE MODE // 2024.04.18 @ 23:41:57 Player: ThemBee Result: Self-destructed Performance ------------- Evolutions (2) 1000 Regions Visited (3) 600 Robots Destroyed (29) 145 Value Destroyed (698) 698 Prototype IDs (10) 200 Alien Tech Used (0) 0 Bonus (0) 0 TOTAL SCORE: 2643 Bonus ------- None Cogmind --------- Core Integrity 448/550 Matter 184/300 Energy 265/265 System Corruption 0% Temperature Cool (0) Movement Flying (200) Ox2 Location -8/Materials Parts ------- > --- POWER (1) -------- Improved Ion Engine > --- PROPULSION (4) --- Flight Unit > --- UTILITY (4) ------ Sensor Array Improved Signal Interpreter Seismic Detector Hacking Suite > --- WEAPON (2) ------- Mini Grenade Launcher Hammer > --- INVENTORY (5) ---- Light Ion Engine Improved Propulsion Shielding Mini Grenade Launcher Peak State ------------ > --- POWER ------------ Improved Ion Engine > --- PROPULSION ------- Flight Unit Flight Unit Flight Unit > --- UTILITY ---------- Sensor Array Improved Signal Interpreter Improved Propulsion Shielding Hacking Suite > --- WEAPON ----------- Mini Grenade Launcher Hammer > --- INVENTORY -------- Mini Grenade Launcher [Rating: 18] Favorites ----------- Power Light Ion Engine Engine Light Ion Engine Propulsion Aluminum Leg Treads Light Treads Leg Aluminum Leg Flight Unit Flight Unit Utility Medium Storage Unit Device Sensor Array Storage Medium Storage Unit Processor Improved Signal Interpreter Hackware Hacking Suite Protection Light Armor Plating Weapon Light Assault Rifle Energy Gun Beam Rifle Ballistic Gun Light Assault Rifle Launcher Mini Grenade Launcher Impact Weapon Hammer Build | -11 -10 -9 -8 ------- Run | Yrd Mat Mat Mat Slots Evolved 4 | . . 2 2 Power . | . . . . Propulsion 2 | . . 1 1 Utility 2 | . . 1 1 Weapon . | . . . . Parts Attached 37 | 5 13 15 4 Power 4 | 1 . 3 . Engine 4 | 1 . 3 . Core . | . . . . Reactor . | . . . . Propulsion 13 | 2 4 6 1 Treads 4 | 2 1 1 . Leg 3 | . 3 . . Wheel . | . . . . Hover . | . . . . Flight 6 | . . 5 1 Utility 10 | 1 3 3 3 Device 3 | . 1 1 1 Storage 2 | 1 1 . . Processor 2 | . . 1 1 Hackware 1 | . . 1 . Protection 2 | . 1 . 1 Artifact . | . . . . Weapon 10 | 1 6 3 . Energy Gun 1 | . . 1 . Energy Cannon . | . . . . Ballistic Gun 6 | 1 5 . . Ballistic Cannon . | . . . . Launcher 1 | . . 1 . Special Weapon . | . . . . Impact Weapon 2 | . 1 1 . Slashing Weapon . | . . . . Piercing Weapon . | . . . . Special Melee Weapon . | . . . . Unidentified Prototypes . | . . . . Parts Lost 10 | . 3 4 3 Power 1 | . . 1 . Propulsion 7 | . 2 2 3 Utility 2 | . 1 1 . Weapon . | . . . . Highest Loss Streak 2 | . 2 2 2 To Critical Strikes . | . . . . Average Slot Usage (%) 90 | . 91 86 90 Engine 12 | . 14 10 9 Treads 10 | . 15 2 . Leg 11 | . 10 17 . Flight 3 | . . 4 28 Device 5 | . 5 1 16 Storage 11 | . 14 9 . Processor 1 | . . 1 10 Hackware 3 | . . 11 9 Protection 3 | . 3 5 . Ballistic Gun 21 | . 26 16 . Launcher 1 | . . 1 9 Impact Weapon 1 | . . 1 9 Naked Turns . | . . . . Heaviest Build 21 | 9 19 21 12 Greatest Support 40 | 40 40 20 16 Greatest Overweight (x) 2 | . 1 2 . Average Overweight (x) . | . . . . Largest Inventory Capacity 10 | 8 10 10 5 Average Capacity 8 | 6 9 9 5 Most Carried 10 | 5 10 10 3 Average Carried 7 | 4 7 8 2 Final Capacity 10 | 8 10 5 5 Final Carried 9 | 5 9 1 3 Class Distribution -------------------- 89% | Mutant 8% | Scavenger-Mutant Dominant Class ---------------- Mutant | -10/Materials Mutant | -9/Materials Mutant | -8/Materials Resources | -11 -10 -9 -8 ----------- Run | Yrd Mat Mat Mat Matter Collected 637 | 176 294 158 9 Remotely . | . . . . Salvage Created 755 | . 417 262 76 Parts 53 | . 32 15 6 Haulers Intercepted 2 | . 2 . . Recyclers Shooed 2 | . 2 . . Parts Field Recycled . | . . . . Retrieved Matter . | . . . . Parts Self-Destructed . | . . . . Prevented . | . . . . Kills | -11 -10 -9 -8 ------- Run | Yrd Mat Mat Mat Combat Hostiles Destroyed 20 | . 8 4 8 Guns 11 | . 7 4 . AOE 9 | . 1 . 8 Classes Destroyed 7 | . 6 1 . Builder 1 | . 1 . . Hauler 2 | . 2 . . Operator 1 | . 1 . . Watcher 5 | . 3 2 . Swarmer 9 | . 3 . 6 Grunt 8 | . 5 1 2 Sentry 3 | . . 3 . Best Kill Streak 6 | . 6 3 4 Combat Bots Only 4 | . 3 2 4 Max Kills in Single Turn 4 | . 2 1 4 Gunslinging . | . . . . Exploded 4 | . 1 . 4 Melee . | . . . . Uniques/NPCs Destroyed . | . . . . Combat | -11 -10 -9 -8 -------- Run | Yrd Mat Mat Mat Hostile Shots Fired 87 | . 31 39 17 Missed 26 | . 11 11 4 Damage Taken 1272 | . 608 412 252 Core 206 | . 65 39 102 Absorbed by Shields . | . . . . Core Remaining (%) 88 | 100 74 90 . Volleys Fired 91 | . 58 23 10 Largest 2 | . 2 2 1 Hottest 76 | . 40 76 30 Shots Fired 172 | . 116 46 10 Gun 162 | . 116 46 . Cannon . | . . . . Launcher 10 | . . . 10 Special . | . . . . Kinetic 156 | . 116 40 . Thermal 6 | . . 6 . Explosive 10 | . . . 10 Electromagnetic . | . . . . Robot Hit Streak 12 | . 12 9 7 Robot Miss Streak 4 | . 4 4 1 Penetration Max . | . . . . Secondary Targets 1 | . . 1 . Max Gunslinging Chain 1 | . . 1 . Shots Hit Robots 115 | . 77 31 7 Core Hits 52 | . 30 10 12 Critical Kills . | . . . . Critical Parts Destroyed 1 | . . 1 . Critical Strikes 1 | . . 1 . Destroy 1 | . . 1 . Melee Attacks 8 | . 5 . 3 Impact 8 | . 5 . 3 Slashing . | . . . . Piercing . | . . . . Sneak Attacks . | . . . . Combat Hostiles . | . . . . Follow-up Attacks . | . . . . Damage Inflicted 2114 | . 924 351 839 Guns 1064 | . 713 351 . Cannons . | . . . . Explosions 1045 | . 206 . 839 Melee . | . . . . Ramming 5 | . 5 . . Kinetic 975 | . 713 262 . Thermal 295 | . 206 89 . Explosive 839 | . . . 839 Electromagnetic . | . . . . Impact . | . . . . Slashing . | . . . . Piercing . | . . . . Highest Corruption 6 | . 6 . . Average Corruption 6 | . 6 . . Corruption Purged . | . . . . Corruption Blocked . | . . . . Effects 8 | . 8 . . Message Errors 5 | . 5 . . Matter Fused 1 | . 1 . . Parts Rejected 2 | . 2 . . Overload Shots . | . . . . Overflow Damage 120 | . 117 . 3 Projectiles . | . . . . Explosions 120 | . 117 . 3 Melee . | . . . . Knockbacks . | . . . . Impact . | . . . . Kinetic . | . . . . Secondary . | . . . . Self-Inflicted Damage 141 | . 101 . 40 Shots 2 | . 1 . 1 Rammed 1 | . 1 . . Targets Rammed 2 | . 2 . . Kicked 1 | . 1 . . Crushed . | . . . . Highest Temperature 92 | . 12 92 17 Average Temperature 15 | . 6 24 6 Received Heat Transfer 402 | . 102 201 99 Siege Activations . | . . . . Robots Corrupted . | . . . . Combat Hostiles . | . . . . Parts Fried . | . . . . Impact Corruptions . | . . . . Robots Melted . | . . . . Combat Hostiles . | . . . . Parts Melted . | . . . . Heat Transferred 372 | . 150 222 . Parts Sabotaged . | . . . . Parts Stolen . | . . . . Parts Stripped . | . . . . Power Chain Reactions . | . . . . Alert | -11 -10 -9 -8 ------- Run | Yrd Mat Mat Mat Peak Influence 342 | . 336 227 342 Initial 19 | . . 11 19 Average 71 | . 66 75 123 Maximum Alert Level 1 | . 1 1 1 Low Security (%) 89 | 100 91 86 87 Level 1 10 | . 8 13 12 Level 2 . | . . . . Level 3 . | . . . . Level 4 . | . . . . Level 5 . | . . . . High Security . | . . . . Max Security . | . . . . Squads Dispatched 6 | . 3 2 1 Investigation 1 | . . 1 . Extermination . | . . . . Reinforcement 5 | . 3 1 1 Assault . | . . . . Garrison . | . . . . Intercept . | . . . . Searches Triggered . | . . . . Construction Impeded . | . . . . Haulers Reinforced . | . . . . Active Scanning Responses . | . . . . Cargo Convoy Interrupts . | . . . . Stealth | -11 -10 -9 -8 --------- Run | Yrd Mat Mat Mat Distress Signals 5 | . 4 . 1 Communications Jammed . | . . . . Distress Signals . | . . . . Times Spotted 57 | . 29 15 13 Peak Tracking Total 9 | . 3 4 9 Tactical Retreats 1 | . . 1 . Traps | -11 -10 -9 -8 ------- Run | Yrd Mat Mat Mat Traps Triggered . | . . . . Indirectly . | . . . . Trap Hack Attempts . | . . . . Triggered . | . . . . Disarmed . | . . . . Reprogrammed . | . . . . Reused . | . . . . Traps Extracted . | . . . . Installed . | . . . . Triggered . | . . . . Machines | -11 -10 -9 -8 ---------- Run | Yrd Mat Mat Mat Machines Disabled 7 | . 3 . 4 Max in Single Turn 3 | . 3 . 2 Machines Repaired . | . . . . Machines Dismantled . | . . . . Machines Sabotaged . | . . . . Overloaded Fab Kills . | . . . . Hacking | -11 -10 -9 -8 --------- Run | Yrd Mat Mat Mat Machines Accessed 12 | . 5 5 2 Terminals 9 | . 4 3 2 Fabricators . | . . . . Repair Stations . | . . . . Recycling Units 3 | . 1 2 . Scanalyzers . | . . . . Garrison Access . | . . . . Total Hacks 38 | . 14 14 10 Successful 22 | . 9 7 6 Failed 16 | . 5 7 4 Catastrophic . | . . . . Database Lockouts . | . . . . Manual 7 | . 3 1 3 Terminals 30 | . 13 7 10 Fabricators . | . . . . Repair Stations . | . . . . Recycling Units 8 | . 1 7 . Scanalyzers . | . . . . Garrison Access . | . . . . Terminal Hacks 13 | . 7 2 4 Prototype ID Bank 7 | . 3 2 2 Alert Level 1 | . 1 . . Unreport Threat 1 | . 1 . . Locate Traps 3 | . 2 . 1 Hauler Manifests 1 | . . . 1 Fabricator Hacks . | . . . . Repair Station Hacks . | . . . . Recycling Unit Hacks 5 | . 1 4 . Process 1 | . . 1 . Report Inventory 2 | . 1 1 . Retrieve Matter 1 | . . 1 . Retrieve Components 1 | . . 1 . Scanalyzer . | . . . . Garrison Access Hacks . | . . . . Unauthorized Hacks 4 | . 1 1 2 Terminals 4 | . 1 1 2 Botnet 4 | . 1 1 2 Fabricators . | . . . . Repair Stations . | . . . . Recycling Units . | . . . . Scanalyzers . | . . . . Garrison Access . | . . . . Data Cores Recovered . | . . . . Used . | . . . . Hacking Detections 11 | . 4 5 2 Full Trace Events 1 | . . 1 . Feedback Events . | . . . . Feedback Blocked . | . . . . Robot Schematics Acquired . | . . . . Robots Built . | . . . . Authchips . | . . . . Time . | . . . . Total Robot Build Rating . | . . . . Part Schematics Acquired . | . . . . Parts Built . | . . . . Authchips . | . . . . Time . | . . . . Total Part Build Rating . | . . . . Parts Repaired . | . . . . Time . | . . . . Parts Recycled . | . . . . Recycled Matter 109 | . . 109 . Retrieved Matter 109 | . . 109 . Retrieved Components 3 | . . 3 . Parts Scanalyzed . | . . . . Part Schematics Acquired . | . . . . Parts Damaged . | . . . . Bothacking | -11 -10 -9 -8 ------------ Run | Yrd Mat Mat Mat Used RIF Installer . | . . . . Robots Hacked . | . . . . Non-combat . | . . . . Combat . | . . . . Robot Hacks Applied . | . . . . Relay Couplers Released . | . . . . Fabnet Peak Effective % . | . . . . Robots Rewired . | . . . . Allies Hacked . | . . . . Hacks Repelled . | . . . . Allies | -11 -10 -9 -8 -------- Run | Yrd Mat Mat Mat Total Allies . | . . . . Largest Group . | . . . . Highest-Rated Group . | . . . . Highest-Rated Ally . | . . . . Total Orders . | . . . . Ally Attacks . | . . . . Total Damage . | . . . . Kills . | . . . . Allies Corrupted . | . . . . Allies Melted . | . . . . Intel | -11 -10 -9 -8 ------- Run | Yrd Mat Mat Mat Robot Analysis Total . | . . . . Derelict Logs Recovered . | . . . . Drone Launches . | . . . . Drone Recoveries . | . . . . Exploration | -11 -10 -9 -8 ------------- Run | Yrd Mat Mat Mat Turns Passed 1668 | 62 1014 449 143 Spaces Moved 1152 | 37 502 303 310 Core 14 | 14 . . . Treads 263 | 23 240 . . Legs 457 | . 262 195 . Wheels . | . . . . Hover . | . . . . Flight 418 | . . 108 310 Fastest Speed 31 | 50 120 32 31 Average Speed 100 | 118 139 101 33 Slowest Speed 260 | 160 190 260 34 Overloaded Moves . | . . . . Propulsion Burnouts . | . . . . Robots Hopped 1 | . . 1 . Cave-ins Triggered 1 | . 1 . . Exploration Rate (%) 33 | 4 63 38 30 Regions Visited 3 Branch Regions . Pre-discovered Areas . | . . . . Known Exits Taken 1 | . . 1 . Unknown Exits Taken 2 | 1 1 . . Scrap Searched . | . . . . Spaces Dug 4 | . 2 . 2 Terrain Destroyed 83 | . 56 . 27 Melee 4 | . 2 . 2 Projectile . | . . . . AOE 79 | . 54 . 25 Terrain Rammed . | . . . . Walls Destroyed . | . . . . Machines Disabled . | . . . . Actions | -11 -10 -9 -8 --------- Run | Yrd Mat Mat Mat Total 1500 | 53 709 405 333 Wait 174 | 6 114 51 3 Move 1147 | 36 501 300 310 Hop 1 | . . 1 . Pick Up 21 | 6 9 5 1 Fast Attach 15 | 4 6 1 4 Attach 13 | 1 2 10 . Detach 1 | . . . 1 Swap 9 | . 5 4 . Drop 18 | . 7 10 1 Fire 91 | . 58 23 10 Melee 8 | . 5 . 3 Ram . | . . . . Kick 1 | . 1 . . Crush 1 | . 1 . . Escape Stasis . | . . . . Rewire . | . . . . Trap . | . . . . Miscellaneous . | . . . . Route ------- -11/Scrapyard -10/Materials (discovered 3 exits: *Mat x2 / [*Min]) -9/Materials -8/Materials History --------- Turn | Location | Event 10 | -11/Scrapyard | Discovered new exit (range 15) 63 | -11/Scrapyard | Entered Materials 67 | -10/Materials | Discovered new exit (range 16) 222 | -10/Materials | Discovered new exit (range 5) 301 | -10/Materials | Build established: Mutant 655 | -10/Materials | Crushed by falling debris 777 | -10/Materials | Discovered new exit (range 6) 1077 | -10/Materials | Entered another Materials area 1077 | -9/Materials | Evolved 2 slots: Propulsion x1, Utility x1 1505 | -9/Materials | Discovered new exit (range 6) 1525 | -9/Materials | Identified exit to Materials 1526 | -9/Materials | Entered another Materials area 1526 | -8/Materials | Evolved 2 slots: Propulsion x1, Utility x1 1669 | -8/Materials | Self-destructed Last Messages --------------- Downloading prototype IDs... Hvy. Ion Engine Hvy. Deuterium Engine >>Trojan(Botnet) Trojan loaded successfully. Testing... Terminal linked with 0 systems. Awaiting botnet instructions. 01651_ Electrolysis Chamber disabled. 01651_ S-10 Pest destroyed. 01651_ Electrolysis Chamber disabled. 01651_ U-05 Engineer lays Concrete. 01653_ Processing Tank disabled. 01655_ U-05 Engineer lays Concrete. 01659_ G-47 Trooper destroyed. 01660_ The unstable cave ceiling collapses. 01660_ U-05 Engineer lays Concrete. 01663_ U-05 Engineer builds a Wall. 01664_ Flight Unit destroyed. 01667_ U-05 Engineer lays Concrete. Map ----- +----------------------------------------------------+ | ???# ] # """ #????????????????????????? | | ???# # """ #????????????????????????? | | ???# # """ #????????????????????????? | | ???# ! # #????????????????????????? | | ???# # """ " #????????????????????????? | | ???# # """ T #????????????????????????? | | ???# # """ " #????????????????????????? | | ???# # #????????????????????????? | | ???####+##+####+#####????????????????????????? | | ####### ########?#??????????????????? | | ] ?????????????? | | ####### ????????????????? | | """ # # ??????????????????? | | """"" # # ########??????????? | | """"" # ??????????? | | "" """"" # ???????????? | | "Y """ # ???????????? | | "" # ????????????? | | u = g ?????????????? | | # Y* [ ??????????????? | | ###+### # " #??????????????? | | #######?????## ## #??????????????? | | ?????????????# ## """ # " #??????????????? | | ?????????????# ## u #??????????????? | | ?????????????# ?###### " #??????????????? | | ?????????????# ?????# @ " #??????????????? | | ?????????????# ?????### " #??????????????? | | ?????????????# ???????# #??????????????? | | ????????????? ???????#######??????????????? | | ????????????? ?????????????????????????????? | | ????????????? ?????????????????????????????? | | ????????????? ?????????????????????????????? | | ??????????????? ?????????????????????????????? | | ?????????????????????????????????????????????? | | ?????????????????????????????????????????????? | | ?????????????????????????????????????????????? | | ?????????????????????????????????????????????? | | ?????????????????????????????????????????????? | | ?????????????????????????????????????????????? | | ?????????????????????????????????????????????? | | ?????????????????????????????????????????????? | | ?????????????????????????????????????????????? | | ?????????????????????????????????????????????? | | ?????????????????????????????????????????????? | | ?????????????????????????????????????????????? | | ?????????????????????????????????????????????? | | ?????????????????????????????????????????????? | | ?????????????????????????????????????????????? | | ?????????????????????????????????????????????? | | ?????????????????????????????????????????????? | +----------------------------------------------------+ Best States ------------- Heat Dissipation 31 Energy Generation 12 Energy Capacity 265 Matter Stores 300 Matter Capacity 300 Sight Range 16 Robot Scan Range 14 Terrain Scan Density 10 Armor Coverage 150 Evasion (%) 63 Recoil Reduction 2 Offensive Hacking 10 Item Schematics ----------------- None Robot Schematics ------------------ None Fabricated ------------ Nothing Alien Tech Used ----------------- None Achievements -------------- None Challenges ------------ None Game ------ Seed DamperForceStorage Manual? 0 Play Time 00:32:22 Cumulative 20.2 hours Start 2024.04.18 @ 23:05:56 End 2024.04.18 @ 23:41:57 Sessions 1 Manual Loads 0 Difficulty Rogue Special Mode None Game No. 17 Rogue 17 Adventurer 0 Explorer 0 Win Type - Total 0 Types 0/0/0/0/0/0/0/0/0 Lore% 10 Gallery% 19 Achievement% 17 Wizard Run 0 Options --------- Layout 2 ASCII 0 Keyboard 0 Movement Numpad Keybinds 0 Fullscreen 2 Font 24/Smallcaps Map View 50x44 Zoom Use 0% Tactical HUD 1 Map Filters NONE Filters NONE Steam 1 RUN: 8a7f4400-1284-4d1a-8753-d0699663e42e